 Dungeon Crawl Stone Soup version 0.31-a0-844-gdc52ec4e09 (webtiles) character file.

Game seed: 14090031245912707232

35 BinkBink the Trooper (level 3, 0/33 HPs)
             Began as a Hill Orc Fighter on Sept 30, 2023.
             Was an Initiate of Beogh.
             Slain by an ice beast (10 damage)
             ... on level 3 of the Dungeon.
             The game lasted 00:01:44 (664 turns).

BinkBink the Trooper (Hill Orc Fighter)              Turns: 664, Time: 00:01:45

Health: 0/33       AC:  7    Str: 20    XL:     3   Next: 35%
Magic:  3/3        EV:  9    Int:  8    God:    Beogh [......]
Gold:   56         SH:  4    Dex: 10    Spells: 2/2 levels left

rFire   . . .        a - +0 war axe
rCold   . . .        c - +0 buckler
rNeg    . . .        b - +0 scale mail
rPois   .            (no helmet)
rElec   .            (no cloak)
rCorr   .            (no gloves)
SInv    .            (no boots)
Will    .....        (no amulet) Stlth
                     e - ring of flight
HPRegen 0.25/turn    (no ring)
MPRegen 0.08/turn

%: no passive effects
@: flying
A: no striking features
a: Renounce Religion


You were on level 3 of the Dungeon.
You worshipped Beogh.
Beogh was noncommittal.
You visited 1 branch of the dungeon, and saw 3 of its levels.

You collected 56 gold pieces.

Inventory:

Hand Weapons
 a - a +0 war axe (weapon)
Armour
 b - a +0 scale mail (worn)
 c - a +0 buckler (worn)
Jewellery
 e - a ring of flight (left hand)
Scrolls
 i - a scroll of blinking {unknown}
 k - a scroll of fear {unknown}
Potions
 d - a potion of might
 f - a potion of heal wounds {unknown}
 g - a potion of curing {unknown}
 h - a potion of haste {unknown}
 j - a potion of brilliance {unknown}


   Skills:
 + Level 3.9 Fighting
 + Level 3.1 Axes
 * Level 3.8 Armour
 * Level 3.9 Shields


You had 2 spell levels left.
You didn't know any spells.
Your spell library was empty.

Dungeon Overview and Level Annotations

Branches:
Dungeon (2/15)

Altars:


Message History

You hit the ice beast.
The ice beast is heavily wounded.
The ice beast hits you but does no damage.
You hit the ice beast but do no damage.
The ice beast is heavily wounded.
The ice beast hits you but does no damage.
The ice beast closely misses you.
You barely miss the ice beast.
The ice beast is heavily wounded.
The ice beast hits you but does no damage.
You hit the ice beast.
The ice beast is heavily wounded.
The ice beast hits you but does no damage.
An orc comes into view. It is wielding a +0 club.
You completely miss the ice beast.
The ice beast is heavily wounded.
The orc shouts!
You hear a shout!
An orc comes into view. It is wielding a +0 club.
The ice beast hits you. The ice beast freezes you!
An orc comes into view. It is wielding a +0 trident.
The ice beast closely misses you.
An orc priest comes into view. It is wielding a +0 flail.
The orc moves out of view.
You hear a shout!
The orc priest shouts, "Beogh is our master!
Accept the truth or die!" (press Y on the ability menu to convert to Beogh)
You bow before the missionary of Beogh.
Beogh welcomes you!
With a roar of approval, the orcs welcome you as one of their own, and spare your life.
The ice beast barely misses you.
The orc barely misses something.
Unknown command.
You hit the ice beast.
The ice beast is heavily wounded.
The orc barely misses something.
The ice beast barely misses you.
You closely miss the ice beast.
The ice beast is heavily wounded.
The ice beast hits you but does no damage.
An orc comes into view. It is wielding a +0 hand axe.
The ice beast hits you. The ice beast freezes you!
You die...

# .# .# ..#
###..# #...
#####)##.#
#....@YS.#
#.###.#.o...o
#.....# #o...
####### ... .


You could see an ice beast, 2 orcs, a ball python and a neutral orc priest
(wandering).

Vanquished Creatures
  3 dart slugs (D:1)
  An orc (D:3)
  2 bats (D:1)
  An endoplasm (D:1)
  2 goblins (D:1)
  4 hobgoblins
  2 jackals (D:1)
  2 ball pythons
  3 frilled lizards (D:1)
  3 kobolds
  5 rats (D:1)
28 creatures vanquished.

Vanquished Creatures (others)
  An orc (D:3)
1 creature vanquished.

Grand Total: 29 creatures vanquished

Notes
Turn   | Place    | Note
-------+----------+-------------------------------------------
     0 | D:1      | BinkBink the Hill Orc Fighter began the quest for the Orb.
     0 | D:1      | Reached XP level 1. HP: 19/19 MP: 1/1
    48 | D:1      | Reached XP level 2. HP: 20/27 MP: 2/2
   421 | D:1      | Reached XP level 3. HP: 33/33 MP: 3/3
   636 | D:2      | You are sucked into a shaft and drop 1 floor!
   651 | D:3      | Noticed an ice beast
   662 | D:3      | Became a worshipper of Beogh the Brigand
   664 | D:3      | Slain by an ice beast

Illustrated notes

Levels and vault maps discovered:
D:1:      noname_arrival_rooms_in_the_neighbourhood, layout_loops_ring
D:2:      layout_loops_cross, nicolae_ecumenical_snake_handling,
          minmay_joined_circles, uniq_terence
D:3:      cheibrodos_pilgrimage, layout_basic, gammafunk_ghost_abyssal_escape,
          uniq_jessica

Skill      XL: |  1  2 |
---------------+-------+-----
Axes           | 3 |  3.1
Fighting       | |  3.9
Armour         | |  3.8
Shields        | |  3.9

Action                     || total
---------------------------++-------
  Melee: War axe           ||    77
 Invoke: Convert to Beogh  ||     1
 Armour: Scale mail        ||    55
  Dodge: Dodged            ||    47
  Block: Buckler           ||    17

Table legend: (Time is in decaauts)
 A = Elapsed time spent in this place.
 B = Non-inter-level travel time spent in this place.
 C = Inter-level travel time spent in this place.
 D = Time resting spent in this place.
 E = Time spent auto-exploring this place.
 F = Levels seen in this place.
 G = Mean time per level.
                   A        B        C        D        E       F      G
               +--------+--------+--------+--------+--------+-----+--------+
         Total |    692 |    687 |      5 |      0 |    519 |   3 |  230.7 |
       Dungeon |    692 |    687 |      5 |      0 |    519 |   3 |  230.7 |
               +--------+--------+--------+--------+--------+-----+--------+

Top non-repeatable levels by time:
     D:1: 653 daAuts
     D:3: 36 daAuts
     D:2: 2 daAuts
